[Event "Titled Tuesday Blitz August 1 Early 2023"]
[White "Begunov, Konstantin"]
[Black "Oleksiyenko, Mykhaylo"]
[WhiteFideId "4118510"]
[BlackFideId "4152417"]
[WhiteElo "2418"]
[BlackElo "2707"]
[Result "0-1"]
[Round "7"]
[TimeControl "180+1"]
[Date "2023.08.01"]
[WhiteClock "0:00:04"]
[BlackClock "0:00:49"]
[Board "64"]

1. d4 d5 2. c4 e6 3. Nc3 Nf6 4. Bg5 Nbd7 5. cxd5 exd5 6. e3 Be7 7. Bd3 c6 8. Qc2 Nh5 9. Bxe7 Qxe7 10. O-O-O g6 11. Nf3 Nb6 12. Ne5 Be6 13. g4 Ng7 14. h3 O-O-O 15. f4 f6 16. Nf3 Kb8 17. g5 Bf5 18. Rde1 Bxd3 19. Qxd3 Nf5 20. gxf6 Qxf6 21. Ne5 Nc8 22. Qe2 Ncd6 23. Qg4 Nc4 24. Nd1 c5 25. Nxc4 dxc4 26. dxc5 Rhe8 27. Qe2 c3 28. Nxc3 Ng3 29. Qf3 Nxh1 30. Rxh1 Rd3 31. Re1 Rxc3+ 32. bxc3 Qxc3+ 33. Kd1 Qd3+ 34. Kc1 Qc4+ 35. Kb2 Qb4+ 0-1


[Site "https://www.chess.com"]

[Event "Titled Tuesday Blitz August 1 Early 2023"]
[White "AliNiknaddaf"]
[Black "Jones, Gawain C B"]
[BlackFideId "409561"]
[WhiteElo "2562"]
[BlackElo "2887"]
[Result "0-1"]
[Round "7"]
[TimeControl "180+1"]
[Date "2023.08.01"]
[WhiteClock "0:00:34"]
[BlackClock "0:00:07"]
[Board "65"]

1. e4 c5 2. Nf3 Nc6 3. d4 cxd4 4. c3 d5 5. exd5 Qxd5 6. cxd4 e5 7. Nc3 Bb4 8. Bd2 Bxc3 9. Bxc3 e4 10. Ne5 Nxe5 11. dxe5 Ne7 12. Qxd5 Nxd5 13. Bb5+ Bd7 14. Bxd7+ Kxd7 15. O-O-O Ke6 16. Bd4 Rac8+ 17. Kb1 Rhd8 18. f3 exf3 19. gxf3 Rc4 20. Rd2 Nb4 21. Rhd1 Nc6 22. Bc3 Rxd2 23. Rxd2 Nxe5 24. Bxe5 Kxe5 25. Rd7 Rf4 26. Rxb7 Rxf3 27. Rxa7 g5 28. a4 g4 29. a5 Kd6 30. Ra6+ Kc7 31. Rh6 Kb7 32. Ka2 f5 33. b4 f4 34. b5 Rh3 35. Rf6 g3 36. hxg3 fxg3 37. Rf7+ Kb8 38. a6 Rh6 39. Rg7 Rg6 40. Rxh7 g2 41. b6 g1=Q 42. a7+ Ka8 0-1


[Site "https://www.chess.com"]

[Event "Titled Tuesday Blitz August 1 Early 2023"]
[White "Nazari, Arad"]
[Black "Onufrienko, Vladislav"]
[WhiteFideId "12577324"]
[BlackFideId "13804332"]
[WhiteElo "2779"]
[BlackElo "2560"]
[Result "0-1"]
[Round "7"]
[TimeControl "180+1"]
[Date "2023.08.01"]
[WhiteClock "0:00:21"]
[BlackClock "0:01:54"]
[Board "66"]

1. e4 Nf6 2. e5 Nd5 3. d4 d6 4. c4 Nb6 5. f4 dxe5 6. fxe5 Nc6 7. Be3 Bf5 8. Nc3 e6 9. Be2 f6 10. exf6 Qxf6 11. Nf3 O-O-O 12. Bg5 Rxd4 13. Bxf6 Rxd1+ 14. Rxd1 gxf6 15. O-O Bc5+ 16. Kh1 Bc2 17. Rc1 Bg6 18. Nh4 f5 19. a3 Ne5 20. Nf3 Nxf3 21. Bxf3 e5 22. Bd5 Re8 23. b4 Be3 24. Rce1 Bd2 25. Ne2 Bxe1 26. Rxe1 c6 27. Bf3 e4 0-1


[Site "https://www.chess.com"]

[Event "Titled Tuesday Blitz August 1 Early 2023"]
[White "Gorovets, Andrey"]
[Black "Gauri, Shankar"]
[WhiteFideId "13504037"]
[BlackFideId "5041350"]
[WhiteElo "2751"]
[BlackElo "2558"]
[Result "1-0"]
[Round "7"]
[TimeControl "180+1"]
[Date "2023.08.01"]
[WhiteClock "0:00:10"]
[BlackClock "0:00:02"]
[Board "67"]

1. Nf3 Nf6 2. g3 b6 3. Bg2 Bb7 4. c4 g6 5. d4 Bg7 6. O-O O-O 7. d5 Na6 8. Nc3 Nc5 9. Qc2 e6 10. e4 exd5 11. exd5 Re8 12. Be3 Ng4 13. Bd4 Bxd4 14. Nxd4 a5 15. b3 Qf6 16. Rad1 d6 17. h3 Ne5 18. f4 Ned7 19. Ncb5 Rac8 20. g4 Ba6 21. g5 Qg7 22. Nc3 Re3 23. Rf3 Rce8 24. Rxe3 Rxe3 25. Kf2 Re8 26. Qd2 h6 27. h4 hxg5 28. hxg5 f6 29. Bh3 fxg5 30. fxg5 Ne5 31. Kg3 Bc8 32. Bxc8 Rxc8 33. Ne6 Qf7 34. Qf4 Nxe6 35. dxe6 Qxf4+ 36. Kxf4 Rf8+ 37. Ke4 Re8 38. Nd5 Rxe6 39. Nxc7 Re7 40. Nd5 Rf7 41. Nf6+ Kg7 42. Rh1 Re7 43. Rh7+ Kf8 44. Rh8+ Kf7 45. Kd5 Nd3 46. Kxd6 Re6+ 47. Kd7 Nc5+ 48. Kc7 Re2 49. Kxb6 Rxa2 50. Kxc5 Rb2 51. Rb8 a4 52. Rb7+ Ke6 53. Rb6+ Kf5 54. bxa4 Ra2 55. Kb4 Kxg5 56. Nd5 Kf5 57. a5 g5 58. Rf6+ Ke5 59. Rg6 Kf5 60. Rg8 g4 61. Kb5 Rb2+ 62. Nb4 Kf4 63. a6 Kf3 64. a7 Ra2 65. Nxa2 1-0


[Site "https://www.chess.com"]

[Event "Titled Tuesday Blitz August 1 Early 2023"]
[White "Vlassov, Nikolai"]
[Black "Cherniaiev, Tykhon"]
[WhiteFideId "4103360"]
[BlackFideId "14182360"]
[WhiteElo "2546"]
[BlackElo "2749"]
[Result "0-1"]
[Round "7"]
[TimeControl "180+1"]
[Date "2023.08.01"]
[WhiteClock "0:00:08"]
[BlackClock "0:00:07"]
[Board "68"]

1. e4 e5 2. Bc4 c6 3. Qh5 Qf6 4. Nf3 d6 5. Nc3 g6 6. Qg5 Bg7 7. d3 h6 8. Qg3 a5 9. a4 Be6 10. Nd2 Nd7 11. O-O g5 12. Bxe6 Qxe6 13. Nc4 Ne7 14. Re1 O-O 15. h4 f6 16. Be3 Ng6 17. hxg5 fxg5 18. Qh3 Qe7 19. g3 Nf6 20. Bb6 Ra6 21. Bxa5 d5 22. exd5 cxd5 23. Bb6 dxc4 24. a5 cxd3 25. cxd3 Raa8 26. Qf5 Qf7 27. b4 Ne7 28. Qxe5 Nc6 29. Qe6 Qxe6 30. Rxe6 Nd7 31. Rc1 Nxb6 32. axb6 Nxb4 33. Ne4 Nxd3 34. Rc7 Rf7 35. Ree7 Rxe7 36. Rxe7 Bd4 37. Rxb7 Nc5 38. Rc7 Nxe4 39. Rc4 Bxf2+ 40. Kg2 Bxb6 41. Rxe4 Kf7 42. Kh3 Re8 43. Rb4 Bc7 44. Rb7 Re7 45. Kg4 Kg6 46. Ra7 h5+ 47. Kh3 Rf7 48. Ra6+ Rf6 49. Ra7 Bd6 50. Ra8 Rf3 51. Ra6 Rxg3+ 52. Kh2 Rd3+ 53. Kg2 h4 54. Kf2 h3 55. Ke2 h2 56. Kxd3 h1=Q 57. Rxd6+ Kf5 58. Kc4 Qc1+ 59. Kb5 g4 60. Rd5+ Ke4 61. Rc5 Qb2+ 62. Kc6 g3 63. Rb5 Qxb5+ 64. Kxb5 g2 65. Kc4 g1=Q 0-1


[Site "https://www.chess.com"]

[Event "Titled Tuesday Blitz August 1 Early 2023"]
[White "Vakhlamov, Igor L."]
[Black "Thecourseoisildur"]
[WhiteFideId "24126748"]
[WhiteElo "2720"]
[BlackElo "2540"]
[Result "1-0"]
[Round "7"]
[TimeControl "180+1"]
[Date "2023.08.01"]
[WhiteClock "0:01:04"]
[BlackClock "0:00:43"]
[Board "69"]

1. e4 c5 2. Nf3 e6 3. Nc3 Nc6 4. d4 cxd4 5. Nxd4 Nf6 6. Nxc6 bxc6 7. Bd3 Bb4 8. e5 Nd5 9. Qg4 Kf8 10. O-O h5 11. Qe4 Bc5 12. Na4 Be7 13. c4 Nb6 14. Nc3 f5 15. Qf3 Qe8 16. Ne4 Kg8 17. Ng5 Bxg5 18. Bxg5 Qg6 19. h4 Ba6 20. b3 Nc8 21. Rad1 d6 22. exd6 Nxd6 23. Qxc6 Bb7 24. Qxd6 Kh7 25. Rfe1 Rad8 26. Qxe6 Qxe6 27. Rxe6 Be4 28. Bxd8 Rxd8 29. Rxe4 1-0


[Site "https://www.chess.com"]

[Event "Titled Tuesday Blitz August 1 Early 2023"]
[White "Ismagilov, Damir"]
[Black "Amilal Munkhdalai"]
[WhiteFideId "34199982"]
[BlackFideId "4903250"]
[WhiteElo "2539"]
[BlackElo "2719"]
[Result "0-1"]
[Round "7"]
[TimeControl "180+1"]
[Date "2023.08.01"]
[WhiteClock "0:00:00"]
[BlackClock "0:00:39"]
[Board "70"]

1. d4 Nf6 2. c4 e6 3. Nf3 b6 4. g3 Bb7 5. Bg2 Bb4+ 6. Bd2 a5 7. O-O O-O 8. Bf4 Be7 9. Nc3 h6 10. d5 Bb4 11. Nd4 Bxc3 12. bxc3 exd5 13. Nf5 d6 14. cxd5 Nbd7 15. Qd2 Nh5 16. Bxh6 Qf6 17. Nxg7 Nxg7 18. e4 Ne5 19. Bxg7 Qxg7 20. f4 Nc4 21. Qe2 Ba6 22. Rfe1 Rae8 23. Qh5 Qxc3 24. e5 Nxe5 25. fxe5 Rxe5 26. Qg4+ Kh8 27. Qh4+ Kg7 28. Qg4+ Kh6 29. Qf4+ Kg6 30. Qg4+ Kf6 31. Qh4+ Kg7 32. Qg4+ Kf6 33. Qh4+ Kg6 34. Qg4+ Rg5 35. Qe4+ Kg7 36. Rac1 Qf6 37. Rxc7 Bc8 38. Qf4 Rf5 39. Qg4+ Rg5 40. Qf4 Bf5 41. h4 Rg4 42. Qf2 Qg6 43. Kh2 Rh8 44. Bh3 Rh6 45. Bxg4 Qxg4 46. Kg2 Be4+ 0-1


[Site "https://www.chess.com"]

[Event "Titled Tuesday Blitz August 1 Early 2023"]
[White "Preotu, Razvan"]
[Black "Gontcharov, Vladislav"]
[WhiteFideId "2613280"]
[BlackFideId "4123492"]
[WhiteElo "2719"]
[BlackElo "2533"]
[Result "1-0"]
[Round "7"]
[TimeControl "180+1"]
[Date "2023.08.01"]
[WhiteClock "0:00:10"]
[BlackClock "0:00:08"]
[Board "71"]

1. e4 e6 2. d4 d5 3. Nc3 Bb4 4. e5 c5 5. a3 Bxc3+ 6. bxc3 Ne7 7. h4 Qc7 8. Rb1 b6 9. h5 h6 10. Qg4 Kf8 11. Rh3 Ba6 12. Rf3 Nf5 13. Qf4 Bxf1 14. Kxf1 cxd4 15. g4 Nh4 16. Rh3 g5 17. Qf6 Kg8 18. Bxg5 Nd7 19. Qf4 hxg5 20. Qxg5+ Kf8 21. Rxh4 dxc3 22. h6 Nxe5 23. Qg7+ Ke7 24. Re1 Ng6 25. Rh3 Rag8 26. Rxc3 Qf4 27. Ne2 Qh2 28. Qd4 Rxh6 29. Ng3 Rd8 30. Nf5+ Kf8 31. Qg7+ Ke8 32. Qxh6 Qxh6 33. Nxh6 Kd7 34. Nxf7 Rg8 35. Ne5+ Nxe5 36. Rxe5 Rxg4 37. Rce3 Rg6 38. Ke2 Kd6 39. Kd3 a6 40. a4 b5 41. axb5 axb5 42. c3 Kd7 43. f4 Kd6 44. f5 exf5 45. Rxf5 Kc5 46. Kc2 Rg2+ 47. Kb3 Rg1 48. Rd3 Rb1+ 49. Kc2 Ra1 50. Rdxd5+ Kc6 51. Rc5+ Kd6 52. Rxb5 Ra2+ 53. Kb3 1-0


[Site "https://www.chess.com"]

[Event "Titled Tuesday Blitz August 1 Early 2023"]
[White "Vyatkin, Dmitry"]
[Black "Suyarov, Mukhammadzokhid"]
[WhiteFideId "4171900"]
[BlackFideId "14210495"]
[WhiteElo "2523"]
[BlackElo "2715"]
[Result "0-1"]
[Round "7"]
[TimeControl "180+1"]
[Date "2023.08.01"]
[WhiteClock "0:00:00"]
[BlackClock "0:01:49"]
[Board "72"]

1. d4 e6 2. c4 b6 3. Nf3 Nf6 4. g3 Bb7 5. Bg2 Bb4+ 6. Bd2 Be7 7. O-O O-O 8. Nc3 c6 9. e4 d5 10. e5 Ne4 11. cxd5 cxd5 12. Re1 Nxd2 13. Nxd2 Ba6 14. Bf1 Qd7 15. Bxa6 Nxa6 16. a3 Rfc8 17. Rc1 Nb8 18. f4 g6 19. Qa4 Qxa4 20. Nxa4 Nc6 21. Nb3 b5 22. Nac5 Nxd4 23. Kg2 Nxb3 24. Nxb3 Bd8 25. Nd4 a6 26. Nc6 Kf8 27. Rc2 Bb6 28. Kf3 Rc7 29. Rec1 Rac8 30. Nb4 Rxc2 31. Rxc2 Rxc2 32. Nxc2 a5 33. b3 h5 34. h3 Ke7 35. g4 h4 36. g5 Kd7 37. Ke2 Kc6 38. Kd3 Bc5 39. b4 Bb6 40. Nd4+ Kd7 41. Kc3 axb4+ 42. axb4 Ke7 43. Kd3 Kd8 44. Nxb5 Bf2 45. Nc3 Be1 46. Na2 Kc7 47. Kc2 Bg3 0-1


[Site "https://www.chess.com"]

[Event "Titled Tuesday Blitz August 1 Early 2023"]
[White "Rastbod, Ali"]
[Black "NigelDwarf"]
[WhiteFideId "12567477"]
[WhiteElo "2662"]
[BlackElo "2523"]
[Result "1-0"]
[Round "7"]
[TimeControl "180+1"]
[Date "2023.08.01"]
[WhiteClock "0:00:29"]
[BlackClock "0:00:09"]
[Board "73"]

1. d4 Nf6 2. Nf3 c5 3. d5 b5 4. e4 Nxe4 5. Bd3 Qa5+ 6. Nbd2 Nf6 7. a4 c4 8. Be2 Nxd5 9. O-O e6 10. Ne4 Be7 11. Nd4 a6 12. c3 O-O 13. Nf5 Nc6 14. axb5 Qxa1 15. bxc6 dxc6 16. Nxe7+ Nxe7 17. Qd6 Qb1 18. Nd2 Qc2 19. Qxe7 a5 20. Bxc4 Ba6 21. Bxa6 Rxa6 22. Nc4 a4 23. Ne3 Qb3 24. Qc5 h6 25. Rd1 Rb8 26. Qe5 Ra7 27. h4 Rab7 28. Re1 Rd7 29. Ng4 Rb5 30. Qe2 Rbd5 31. Ne5 R7d6 32. Nc4 Rd8 33. Ne3 Rd3 34. g3 c5 35. c4 Kh7 36. Rf1 Qb4 37. Qc2 Qb3 38. Qxb3 axb3 39. Kg2 Kg6 40. Kf3 f5 41. Ke2 e5 42. Nd5 e4 43. Nf4+ Kf6 44. Nxd3 Rxd3 45. Be3 Ke5 46. Bxc5 Rd8 47. Rc1 Rc8 48. Be3 Rg8 49. h5 Rc8 50. c5 Ra8 51. c6 Kd6 52. c7 Kd7 53. c8=Q+ Rxc8 54. Rxc8 Kxc8 55. Bd4 1-0


[Site "https://www.chess.com"]

[Event "Titled Tuesday Blitz August 1 Early 2023"]
[White "feuervogel1000000"]
[Black "Lewicki, Miroslaw"]
[BlackFideId "1113380"]
[WhiteElo "2520"]
[BlackElo "2652"]
[Result "1-0"]
[Round "7"]
[TimeControl "180+1"]
[Date "2023.08.01"]
[WhiteClock "0:01:46"]
[BlackClock "0:00:00"]
[Board "74"]

1. e4 c5 2. Nf3 d6 3. d4 cxd4 4. Nxd4 Nf6 5. Nc3 a6 6. Bg5 e6 7. f4 Qb6 8. a3 Nc6 9. Nb3 Be7 10. Qe2 h6 11. Bh4 Nxe4 12. Qxe4 Bxh4+ 13. g3 Be7 14. O-O-O O-O 15. Bd3 f5 16. Qe2 Bf6 17. Qd2 Bd7 18. Rhe1 Rac8 19. Bc4 Nd4 20. Nxd4 Rxc4 21. Nxe6 Rfc8 22. Qxd6 Bc6 23. Nd4 Bd8 24. Qe6+ 1-0


[Site "https://www.chess.com"]

[Event "Titled Tuesday Blitz August 1 Early 2023"]
[White "benny_aizenberg"]
[Black "Santos Flores, Alberto"]
[BlackFideId "3601234"]
[WhiteElo "2650"]
[BlackElo "2516"]
[Result "1/2-1/2"]
[Round "7"]
[TimeControl "180+1"]
[Date "2023.08.01"]
[WhiteClock "0:00:06"]
[BlackClock "0:00:06"]
[Board "75"]

1. b3 d5 2. Bb2 Bf5 3. e3 e6 4. f4 Nf6 5. Nf3 Nbd7 6. Be2 Be7 7. O-O O-O 8. d3 a5 9. Nd4 c5 10. Nxf5 exf5 11. Nd2 a4 12. Nf3 b5 13. Ne5 a3 14. Bc3 b4 15. Be1 Bd6 16. Nxd7 Qxd7 17. Bh4 Qe6 18. Qd2 Rfe8 19. Bf3 Qxe3+ 20. Qxe3 Rxe3 21. Bxf6 gxf6 22. Bxd5 Rae8 23. Rf2 Re1+ 24. Rxe1 Rxe1+ 25. Rf1 Rxf1+ 26. Kxf1 Bxf4 27. g3 Be5 28. Ke2 f4 29. g4 f5 30. g5 Kg7 31. Kf3 f6 32. gxf6+ Kxf6 33. Bg8 h6 34. h3 Kg5 35. Be6 Bd4 36. Bd7 Be3 37. Bc8 Kf6 38. Ke2 Ke5 39. c4 Kd4 40. Bxf5 Kc3 41. d4 Bxd4 42. Kd1 Be3 43. Be4 Kb2 44. Bf3 Kc3 45. Bg2 Kd4 46. Bf3 Kd3 47. Bg2 Bd4 48. Bh1 Ke3 49. Ke1 Bc3+ 50. Kf1 Kd2 51. Bc6 Kc2 52. Ke2 Kc1 53. Kd3 Bd4 54. Bf3 Be3 55. h4 Bd4 56. h5 Be3 57. Be2 Kb2 58. Bf3 Bd4 59. Be2 Bc3 60. Bf3 Kxa2 61. Kc2 Bd4 62. Be2 Ka1 63. Bf3 Ka2 64. Be2 Bc3 65. Bf3 Bd4 1/2-1/2


[Site "https://www.chess.com"]

[Event "Titled Tuesday Blitz August 1 Early 2023"]
[White "Sipila, Vilka"]
[Black "Shubenkova, Veronika"]
[WhiteFideId "505455"]
[BlackFideId "44124040"]
[WhiteElo "2624"]
[BlackElo "2513"]
[Result "1-0"]
[Round "7"]
[TimeControl "180+1"]
[Date "2023.08.01"]
[WhiteClock "0:01:19"]
[BlackClock "0:01:05"]
[Board "76"]

1. e4 e6 2. d4 d5 3. e5 c5 4. c3 Nc6 5. Nf3 cxd4 6. cxd4 Qb6 7. Bd3 Bd7 8. O-O Nxd4 9. Nc3 Nxf3+ 10. Qxf3 Bb4 11. Qg4 g6 12. Be3 Qa5 13. Rac1 h5 14. Qf4 Ne7 15. a3 Bxc3 16. Rxc3 a6 17. Qf6 Rh7 18. Bg5 Ng8 19. Qf4 Rc8 20. Rfc1 Rxc3 21. Rxc3 Bc6 22. Qd4 h4 23. Qa7 f6 24. Bxg6+ Kd7 25. Bxh7 fxg5 26. Bxg8 Qb5 27. Qc5 Qxb2 28. h3 Qb1+ 29. Kh2 Qe4 30. Qd6+ Ke8 31. Qxe6+ Kd8 32. Qd6+ Ke8 33. Rf3 1-0


[Site "https://www.chess.com"]

[Event "Titled Tuesday Blitz August 1 Early 2023"]
[White "Nasir, Zehn"]
[Black "Estrada Nieto, Julian"]
[WhiteFideId "2613239"]
[BlackFideId "5101018"]
[WhiteElo "2620"]
[BlackElo "2511"]
[Result "0-1"]
[Round "7"]
[TimeControl "180+1"]
[Date "2023.08.01"]
[WhiteClock "0:01:08"]
[BlackClock "0:00:50"]
[Board "77"]

1. d4 d5 2. Bf4 Nf6 3. e3 c5 4. c3 Nc6 5. Nd2 e6 6. Ngf3 h6 7. Ne5 Nxe5 8. dxe5 Nd7 9. Bd3 Be7 10. Qg4 g5 11. Bg3 h5 12. Qf3 h4 13. O-O-O hxg3 14. hxg3 Rxh1 15. Rxh1 Nxe5 16. Rh8+ Bf8 17. Bb5+ Bd7 18. Bxd7+ Qxd7 19. Qh5 O-O-O 20. Qxg5 Nd3+ 21. Kc2 Nxf2 22. Qf4 d4 23. Qxf2 dxc3 24. bxc3 Qd3+ 25. Kd1 Qb1+ 26. Ke2 Qd3+ 27. Ke1 Qxc3 28. e4 Qc1+ 29. Ke2 Rxd2+ 30. Kf3 Rxf2+ 31. Kxf2 Qd2+ 32. Kf3 Qd6 33. e5 Qe7 34. g4 Kc7 35. g5 Bg7 36. Rh7 Bxe5 37. g6 Qf6+ 38. Ke2 Qxg6 0-1


[Site "https://www.chess.com"]

[Event "Titled Tuesday Blitz August 1 Early 2023"]
[White "Tikhonov, Viacheslav"]
[Black "Belov, Alexei"]
[WhiteFideId "44196407"]
[BlackFideId "4128206"]
[WhiteElo "2503"]
[BlackElo "2616"]
[Result "1-0"]
[Round "7"]
[TimeControl "180+1"]
[Date "2023.08.01"]
[WhiteClock "0:02:22"]
[BlackClock "0:01:48"]
[Board "78"]

1. d4 d5 2. c4 e6 3. Nf3 Nf6 4. g3 Ke7 5. Bg2 c6 6. O-O Ke8 7. Nc3 Be7 8. Qd3 Nbd7 9. e4 dxe4 10. Nxe4 Nxe4 11. Qxe4 Nf6 12. Qc2 Qa5 13. Bd2 Qf5 14. Qb3 Ne4 15. Bb4 Bxb4 16. Qxb4 a5 17. Qb6 g5 18. Ne5 Kf8 19. Bxe4 Qxe4 20. Qd8+ Kg7 21. Qxg5+ Kf8 22. Qf6 1-0


[Site "https://www.chess.com"]

[Event "Titled Tuesday Blitz August 1 Early 2023"]
[White "Rama, Tejas"]
[Black "Ovchinnikov, Vsevolod"]
[WhiteFideId "30907381"]
[BlackFideId "24176842"]
[WhiteElo "2496"]
[BlackElo "2604"]
[Result "0-1"]
[Round "7"]
[TimeControl "180+1"]
[Date "2023.08.01"]
[WhiteClock "0:00:00"]
[BlackClock "0:00:08"]
[Board "79"]

1. d4 Nf6 2. c4 g6 3. Nc3 d5 4. Nf3 Bg7 5. Qb3 dxc4 6. Qxc4 O-O 7. e4 a6 8. Be2 b5 9. Qb3 c5 10. dxc5 Be6 11. Qc2 Nbd7 12. Be3 Ng4 13. Bd4 b4 14. Nd5 Bxd5 15. exd5 Qa5 16. O-O Rfc8 17. Rac1 Bh6 18. Nd2 Ngf6 19. Nb3 Qc7 20. Bf3 Bxc1 21. Rxc1 Rab8 22. Qe2 Qd8 23. c6 Nb6 24. Qxa6 Nbxd5 25. Na5 Nc7 26. Qc4 Ne6 27. Ba7 Qxa5 28. Bxb8 Rxb8 29. a3 bxa3 30. bxa3 Qxa3 31. c7 Rc8 32. Qe2 Rxc7 0-1


[Site "https://www.chess.com"]

[Event "Titled Tuesday Blitz August 1 Early 2023"]
[White "Vaibhav Jayant Raut"]
[Black "Garcia Almaguer, Juan Manuel"]
[WhiteFideId "5089034"]
[BlackFideId "5110491"]
[WhiteElo "2601"]
[BlackElo "2480"]
[Result "0-1"]
[Round "7"]
[TimeControl "180+1"]
[Date "2023.08.01"]
[WhiteClock "0:00:28"]
[BlackClock "0:01:17"]
[Board "80"]

1. e4 e5 2. Nf3 Nc6 3. Bb5 a6 4. Ba4 Nf6 5. d3 b5 6. Bb3 d6 7. c3 h6 8. O-O g5 9. d4 g4 10. dxe5 gxf3 11. exf6 fxg2 12. Re1 Qxf6 13. e5 dxe5 14. Bd5 Bb7 15. Nd2 O-O-O 16. Ne4 Qh4 17. a4 b4 18. Be3 f5 19. Nc5 f4 20. Nxb7 fxe3 21. Rxe3 Kxb7 22. Qf3 Rd6 23. Re4 Qf6 24. Rxb4+ Kc8 25. Qg4+ Kd8 26. Rd1 h5 27. Bxc6 hxg4 28. Rb8+ Ke7 29. Rxd6 Qxd6 0-1


[Site "https://www.chess.com"]

[Event "Titled Tuesday Blitz August 1 Early 2023"]
[White "Shukhman, Anna"]
[Black "Gaal, Zsoka"]
[WhiteFideId "54180058"]
[BlackFideId "777765"]
[WhiteElo "2600"]
[BlackElo "2477"]
[Result "0-1"]
[Round "7"]
[TimeControl "180+1"]
[Date "2023.08.01"]
[WhiteClock "0:00:16"]
[BlackClock "0:00:13"]
[Board "81"]

1. e4 e5 2. Nf3 d6 3. d4 exd4 4. Nxd4 Nf6 5. Nc3 g6 6. Bf4 Bg7 7. Qd2 Nc6 8. Nxc6 bxc6 9. f3 Nd7 10. Bd3 Rb8 11. Rb1 Qe7 12. O-O O-O 13. Rfe1 Ne5 14. Bf1 Be6 15. b3 Qf6 16. Ne2 Qe7 17. Nd4 Bd7 18. Rbd1 c5 19. Ne2 Be6 20. Nc3 Nc6 21. Nd5 Qd7 22. Bh6 Bxd5 23. exd5 Nd4 24. Bxg7 Kxg7 25. c3 Nf5 26. g4 Nh4 27. Qf2 Qd8 28. f4 h6 29. Re3 Qf6 30. Rde1 a5 31. Bc4 a4 32. Rh3 g5 33. f5 axb3 34. axb3 Rfe8 35. Rhe3 Rxe3 36. Qxe3 Ra8 37. Kf2 h5 38. h3 Ra2+ 39. Re2 Ra1 40. Qe7 hxg4 41. hxg4 Rc1 42. Qxf6+ Kxf6 43. Re3 Rc2+ 44. Be2 Rb2 45. c4 Rb1 46. Re8 Rb2 47. Rc8 Ng2 48. Kxg2 Rxe2+ 49. Kf3 Rb2 50. Rxc7 Rxb3+ 51. Ke2 Rc3 52. Rd7 Ke5 53. Rxf7 Rxc4 54. Rg7 Rxg4 55. Kf3 Rf4+ 56. Ke3 Rxf5 57. Rg6 Kxd5 58. Rg8 Re5+ 59. Kd3 c4+ 60. Kc3 Re3+ 61. Kd2 Rg3 62. Ra8 Kd4 63. Rd8 d5 64. Rd7 c3+ 65. Kc1 Kc4 66. Rd8 d4 67. Rd7 Kd3 68. Kb1 Rg1+ 69. Ka2 c2 70. Rb7 c1=Q 71. Rb3+ Qc3 72. Rxc3+ Kxc3 73. Ka3 Ra1# 0-1


[Site "https://www.chess.com"]

[Event "Titled Tuesday Blitz August 1 Early 2023"]
[White "Papp, Petra"]
[Black "Lana Rodriguez, David"]
[WhiteFideId "739049"]
[BlackFideId "2270803"]
[WhiteElo "2450"]
[BlackElo "2590"]
[Result "0-1"]
[Round "7"]
[TimeControl "180+1"]
[Date "2023.08.01"]
[WhiteClock "0:00:00"]
[BlackClock "0:01:43"]
[Board "82"]

1. e4 c5 2. Nf3 Nc6 3. d4 cxd4 4. Nxd4 e5 5. Nb5 a6 6. Nd6+ Bxd6 7. Qxd6 Qf6 8. Qxf6 Nxf6 9. Bd3 Nb4 10. Nc3 Nxd3+ 11. cxd3 h6 12. f3 d6 13. Be3 Be6 14. Rc1 O-O 15. Kd2 b5 16. Rc2 b4 17. Na4 Bxa2 18. Nb6 Rab8 19. Rhc1 d5 20. exd5 Bxd5 21. Bc5 Rfd8 22. Nxd5 Nxd5 23. g3 a5 24. Be3 b3 25. Rc5 a4 26. Ra5 Ra8 27. Rcc5 Nb4 28. Rxa8 Rxa8 29. Rb5 Nc6 30. Bc5 Ra6 31. Ba3 f6 32. Kc3 Kf7 33. Kc4 Ke6 34. Kc5 Nd4 35. Rb6+ Rxb6 36. Kxb6 Nc2 37. Bf8 a3 0-1


[Site "https://www.chess.com"]

[Event "Titled Tuesday Blitz August 1 Early 2023"]
[White "Sturt, Raven"]
[Black "Bogaudinov, Rushan"]
[WhiteFideId "2007304"]
[BlackFideId "4129288"]
[WhiteElo "2590"]
[BlackElo "2438"]
[Result "1-0"]
[Round "7"]
[TimeControl "180+1"]
[Date "2023.08.01"]
[WhiteClock "0:00:24"]
[BlackClock "0:00:05"]
[Board "83"]

1. d4 d5 2. c4 e6 3. Nf3 Nf6 4. Nc3 Be7 5. Bf4 O-O 6. e3 a6 7. c5 Nc6 8. h4 b5 9. Bd3 b4 10. Na4 a5 11. Qe2 Ne4 12. g4 Bd7 13. Bc2 f6 14. O-O-O Qc8 15. Rdg1 Qa6 16. Bd3 Qb7 17. g5 f5 18. Bc2 Qa6 19. Kd1 Rfb8 20. Bxc7 Rb7 21. Bd3 Nxf2+ 22. Kd2 Nxd3 23. Bb6 Nxc5 24. Bxc5 Qxe2+ 25. Kxe2 Be8 26. Bxe7 Rxe7 27. b3 e5 28. Rd1 exd4 29. Nxd4 f4 30. Rh3 Nxd4+ 31. Rxd4 Bxa4 32. bxa4 Rf8 33. Rxd5 Rfe8 34. Rd3 Re4 35. Kf2 fxe3+ 36. Rdxe3 Rf8+ 37. Rhf3 Rc4 38. Kg3 Rxf3+ 39. Rxf3 Rc3 40. Kg4 h5+ 41. Kf4 Rxf3+ 42. Kxf3 Kf7 43. Ke4 Ke6 44. Kf4 g6 45. Ke4 Kd6 46. Kd4 Ke6 47. Kc5 Kf5 48. Kb5 Kg4 49. Kxa5 Kxh4 50. Kxb4 Kg3 51. a5 h4 52. a6 h3 53. a7 h2 54. a8=Q 1-0


[Site "https://www.chess.com"]

[Event "Titled Tuesday Blitz August 1 Early 2023"]
[White "Karamsetty, Jeevan"]
[Black "FREDERICKtheMATE"]
[WhiteFideId "2025337"]
[WhiteElo "2587"]
[BlackElo "2430"]
[Result "1/2-1/2"]
[Round "7"]
[TimeControl "180+1"]
[Date "2023.08.01"]
[WhiteClock "0:00:08"]
[BlackClock "0:01:25"]
[Board "84"]

1. e4 c5 2. Nf3 Nc6 3. d4 cxd4 4. Nxd4 Nf6 5. Nc3 e5 6. Ndb5 d6 7. Bg5 a6 8. Na3 b5 9. Nd5 Be7 10. Bxf6 Bxf6 11. c4 b4 12. Nc2 O-O 13. b3 a5 14. g3 Bg5 15. Bg2 Be6 16. O-O Qb8 17. f4 exf4 18. gxf4 Bd8 19. Nce3 Bb6 20. Kh1 Re8 21. f5 Bxd5 22. Nxd5 Bd4 23. Rc1 Be5 24. f6 g6 25. Qd2 Kh8 26. Rf3 Rg8 27. Rh3 g5 28. Qe2 Rg6 29. Rf1 Qg8 30. Qh5 a4 31. Qg4 axb3 32. axb3 Qc8 33. Qh5 Qg8 34. Qg4 Qc8 35. Qh5 Qg8 36. Qg4 1/2-1/2


[Site "https://www.chess.com"]

[Event "Titled Tuesday Blitz August 1 Early 2023"]
[White "Cnejev, Vladimir-Alexandru"]
[Black "Fisabilillah, Ummi"]
[WhiteFideId "1260898"]
[BlackFideId "7104804"]
[WhiteElo "2581"]
[BlackElo "2424"]
[Result "1/2-1/2"]
[Round "7"]
[TimeControl "180+1"]
[Date "2023.08.01"]
[WhiteClock "0:00:11"]
[BlackClock "0:00:18"]
[Board "85"]

1. Nf3 Nf6 2. b3 d5 3. Bb2 c6 4. e3 Bf5 5. h3 Nbd7 6. g4 Bg6 7. Rg1 Qc7 8. h4 h5 9. g5 Ng4 10. d4 e5 11. dxe5 Ngxe5 12. Nbd2 Bb4 13. c3 Bd6 14. Nxe5 Nxe5 15. Be2 O-O-O 16. Nf3 Ng4 17. Qd2 Rhe8 18. O-O-O Nxf2 19. Rde1 Ng4 20. Bd3 Bxd3 21. Qxd3 Nxe3 22. Kb1 Ng4 23. c4 Bc5 24. Rxe8 Rxe8 25. Rc1 dxc4 26. Qxc4 Bf8 27. Bd4 Qf4 28. Rc3 Ba3 29. Bxg7 Qf5+ 30. Qd3 Qxd3+ 31. Rxd3 Re3 32. Kc2 Re2+ 33. Rd2 Re3 34. Rd3 Re2+ 35. Rd2 Re4 36. Rd4 Ne3+ 37. Kd3 Rxd4+ 38. Bxd4 Nf5 39. Bxa7 Kd7 40. Ke4 Ke6 41. Nd4+ Nxd4 42. Bxd4 Bd6 43. Bf2 Bc7 44. Be1 Bd6 45. Bf2 Be7 46. Be1 f6 47. gxf6 Bxf6 48. Bg3 b5 49. Be1 c5 50. Bf2 c4 51. bxc4 bxc4 52. Be1 c3 53. Bxc3 Bxc3 54. Kf3 Kf6 55. Kg2 Kf5 56. Kh1 Kg4 57. a4 Kxh4 58. a5 Bxa5 59. Kg2 Bb6 60. Kh1 Kg3 1/2-1/2


[Site "https://www.chess.com"]